 Dungeon Crawl Stone Soup version 0.29-a0-243-g602b31c20e (webtiles) character file.

Game seed: 8593551202918045540

100 spaghetti the Ruffian (level 4, 0/51 (52) HPs)
             Began as a Demonspawn Berserker on Mar 4, 2022.
             Was a Believer of Trog.
             Engulfed by an orc wizard's steam (7 damage)
             ... on level 3 of the Dungeon.
             The game lasted 00:03:28 (3156 turns).

spaghetti the Ruffian (Demonspawn Berserker)        Turns: 3156, Time: 00:03:29

HP:   0/51 (52)     AC:  5    Str: 19    XL:     4   Next: 47%
MP:   4/4           EV: 16    Int:  9    God:    Trog [**....]
Gold: 113           SH:  0    Dex: 12    Spells: 3/3 levels left

rFire   . . .      SeeInvis .   a - +3 dagger (venom) {short}
rCold   . . .      Faith    .   (no shield)
rNeg    . . .      Spirit   .   p - +0 animal skin
rPois   .          Reflect  .   o - +0 helmet
rElec   .          Harm     .   (no cloak)
rCorr   .          Rampage  .   (no gloves)
Will    +....                   (no boots)
Stlth   ..........              (no amulet)
HPRegen 0.17/turn               f - +4 ring of evasion
MPRegen 0.09/turn               h - ring of willpower

@: brilliant, berserking, hasted, lightly drained, slow
A: icy blue scales 1, ignite blood 1
a: Renounce Religion, Berserk, Trog's Hand


You were on level 3 of the Dungeon.
You worshipped Trog.
Trog was pleased with you.
You visited 1 branch of the dungeon, and saw 3 of its levels.

You collected 113 gold pieces.


Innate Abilities, Weirdness & Mutations

You are partially covered in icy blue scales. (AC +2)
Your demonic aura sometimes causes spilled blood to erupt in flames.


   Skills:
 - Level 3.0 Fighting
 - Level 1.7 Armour
 - Level 1.7 Dodging
 + Level 4.8 Unarmed Combat


You had 3 spell levels left.
You didn't know any spells.
Your spell library was empty.

Inventory:

Hand Weapons
 a - a +3 dagger of venom (weapon) {short}
   (You took it off a goblin on level 2 of the Dungeon)
 b - a +2 hunting sling of flaming {sling}
   (You took it off a goblin on level 2 of the Dungeon)
 k - a +0 short sword of speed {short}
   (You took it off a kobold on level 2 of the Dungeon)
 q - a +0 dagger of electrocution {short}
   (You took it off Ijyb on level 2 of the Dungeon)
 t - a +1 dagger of freezing {short}
   (You took it off a goblin on level 2 of the Dungeon)
Missiles
 g - 65 stones (quivered) {throwing}
 l - 5 boomerangs {throwing}
 x - 7 poisoned darts {throwing}
Armour
 o - a +0 helmet (worn)
   (You found it on level 2 of the Dungeon)
 p - a +0 animal skin (worn)
Jewellery
 f - a +4 ring of evasion (left hand)
   (You found it on level 1 of the Dungeon)
 h - a ring of willpower (right hand)
   (You found it on level 1 of the Dungeon)
 i - a ring of positive energy
   (You found it on level 2 of the Dungeon)
Wands
 d - a wand of acid (7)
   (You took it off Ijyb on level 2 of the Dungeon)
Scrolls
 c - 2 scrolls of identify {@r1}
 e - 2 scrolls of immolation {!r!r}
 m - a scroll of silence {unknown}
 n - a scroll of fear
 s - a scroll of holy word {unknown}
 v - a scroll of summoning
Potions
 j - a potion of magic

Dungeon Overview and Level Annotations

Branches:
Dungeon (3/15)

Altars:
Xom

Shops:
D:1

[ #....≈≈≈...#
##...≈≈≈≈...#
....≈≈≈....# #
#....≈.....#
#.####.≈≈≈≈≈≈≈..##
.......≈.≈≈≈.....
>......≈.≈≈......
#go).≈≈..# .#
#.o@.≈≈.≈#...####
#.≈≈.≈...#........
.....≈≈≈≈..#........
......#..≈≈..#........
.......#.≈≈≈..#........
.......#.#≈≈#..........
.......###≈≈#..........
....... ≈≈≈##..........
#≈####..........


You could see an orc priest, an orc wizard and a hobgoblin.


Message History

No target in view!
No target in view!
No target in view!
No target in view!
No target in view!
No target in view!
You see here a bat corpse.
You now have 113 gold pieces (gained 12).
Key pressed, stopping explore.
Key pressed, stopping explore.
You enter the shallow water.
Moving in this stuff is going to be slow.
An orc wizard comes into view. It is wielding a +0 dagger.
The orc wizard shouts!
An orc comes into view. It is wielding a +0 club.
The orc shouts!
You hear a shout!
An orc priest comes into view. It is wielding a +0 club.
Found a stone staircase leading down.
The orc priest shouts!
The orc wizard points at you and mumbles some strange words.
You are confused.
You are too confused!
Unknown command.
It was a potion of brilliance.
You feel clever all of a sudden.
It was a potion of haste.
You feel yourself speed up.
The orc hits you with a +0 club. 😕 HP[-5]
You take 5 damage, and now have 29/34 hp.
Unknown command.
You are too confused!
You barely miss the orc wizard. The orc wizard closely misses you.
You enter the shallow water.
Moving in this stuff is going to be slow.
The orc priest invokes the aid of Beogh against you.
Pain shoots through your body!
The orc wizard hits you but does no damage.
The orc hits you but does no damage. 😕 HP[-2]
You take 2 damage, and now have 27/34 hp.
You hit the orc.
The orc is poisoned.
You punch the orc.
You kill the orc!
Trog accepts your kill.
The orc priest calls down the wrath of Beogh upon you.
Beogh smites you!
The orc wizard hits you with a +0 dagger. 😮 HP[-9]
You take 9 damage, and now have 18/34 hp.
MASSIVE DAMAGE!! (PAUSE)
The orc priest closely misses you. The orc wizard barely misses you.
You feel less confused.
The orc priest begins to cast a cantrip, but forgets the words!
The orc wizard casts a spell at you. The magic dart hits you!
* * * LOW HITPOINT WARNING * * *
😨 HP[-7]
You take 7 damage, and now have 11/34 hp.
MASSIVE DAMAGE!! (PAUSE) It was a potion of curing.
You feel better. 😮 HP[+7]
You regained 7 hp, and now have 18/34 hp.
A red film seems to cover your vision as you go berserk!
You feel yourself moving faster!
You feel mighty!
The orc wizard points at you and mumbles some strange words.
The puff of flame hits you!
* * * LOW HITPOINT WARNING * * *
😨 HP[+2]
You now have 51 max hp (+17).
You regained 2 hp, and now have 20/51 hp.
You are too injured to fight recklessly!
You are too injured to fight recklessly!
You are too injured to fight recklessly!
You are too injured to fight recklessly!
You are too injured to fight recklessly!
You closely miss the orc priest.
You are engulfed in a cloud of scalding steam.
* * * LOW HITPOINT WARNING * * *
A hobgoblin comes into view.
The orc wizard gestures at you while chanting.
You resist with almost no effort.
The orc priest splashes around in the water. 😨 HP[-4]
You take 4 damage, and now have 16/51 hp.
Your unstable footing causes you to fumble your attack.
You are engulfed in a cloud of scalding steam.
* * * LOW HITPOINT WARNING * * *
😨 HP[-2]
You take 2 damage, and now have 14/51 hp.
You barely miss the orc priest.
You are engulfed in a cloud of scalding steam.
* * * LOW HITPOINT WARNING * * *
The orc wizard splashes around in the water.
The orc priest hits you with a +0 club.
* * * LOW HITPOINT WARNING * * *
😱 HP[-7]
You take 7 damage, and now have 7/51 hp.
Unknown command.
Your unstable footing causes you to fumble your attack.
You are engulfed in a cloud of scalding steam.
You die...

Skill      XL: |  1  2  3 |
---------------+----------+-----
Unarmed Combat | 3 4 |  4.8
Fighting       | |  3.0
Armour         | |  1.7
Dodging        | |  1.7

Action                   |  1- 3 |  4- 6 || total
-------------------------+-------+-------++-------
Melee: Unarmed           |    74 |       ||    74
       Punch             |     4 |     2 ||     6
       Short sword       |    75 |       ||    75
       Dagger            |     5 |    45 ||    50
Invok: Berserk           |     1 |     1 ||     2
  Use: Scroll            |     5 |       ||     5
       Potion            |     1 |     3 ||     4
Armor: Animal skin       |    56 |     8 ||    64
       Skin              |     6 |       ||     6
Dodge: Dodged            |   145 |    53 ||   198

Levels and vault maps discovered:
D:1:      psy_arrival_basics, layout_loops_corners, serial_shops,
          nicolae_shop_temple_entry_statues_fountains, minmay_tetromino_i4
D:2:      kennysheep_the_goblin_king, layout_loops_cross, basic_altar,
          minivault_14, minmay_misc_feat_five, minmay_misc_feat_tiny,
          amcnicky_mini_pool_small, grunt_ministairs_14
D:3:      layout_basic, gammafunk_ghost_necromancy, serial_rivers,
          chequers_serial_rivers_small_3, chequers_serial_rivers_small_3,
          chequers_serial_rivers_small_b, chequers_serial_rivers_micro_d,
          hellmonk_ecumenical_altar_blasted

Notes
Turn   | Place    | Note
-------+----------+-------------------------------------------
     0 | D:1      | spaghetti the Demonspawn Berserker began the quest for the
                  | Orb.
     0 | D:1      | Reached XP level 1. HP: 18/18 MP: 1/1
     0 | D:1      | magus.rc [v1.9.6]
   204 | D:1      | Reached skill level 3 in Unarmed Combat
   551 | D:1      | Gained mutation: You are partially covered in icy blue
                  | scales. (AC +2) [demonic ancestry]
   551 | D:1      | Reached XP level 2. HP: 24/24 MP: 2/2
   760 | D:1      | Found Nuecir's Antique Armour Boutique.
  1362 | D:2      | Gained mutation: Your demonic aura sometimes causes spilled
                  | blood to erupt in flames. [demonic ancestry]
  1362 | D:2      | Reached XP level 3. HP: 25/29 MP: 3/3
  1478 | D:2      | Reached ** piety under Trog
  1647 | D:2      | Reached skill level 4 in Unarmed Combat
  1758 | D:2      | Found a shimmering altar of Xom.
  1930 | D:2      | HP: 4/29 [spore (25)]
  2228 | D:2      | Noticed Ijyb
  2268 | D:2      | HP: 8/43 [Ijyb/+0 dagger of electrocution (11)]
  2272 | D:2      | Killed Ijyb
  2273 | D:2      | Reached XP level 4. HP: 11/35 MP: 4/4
  2902 | D:3      | Found a faded altar of an unknown god.
  3155 | D:3      | HP: 12/51 [orc wizard] (2)]
  3156 | D:3      | Engulfed by an orc wizard's steam

Vanquished Creatures
  Ijyb (D:2)
  An adder (D:3)
  3 orcs
  6 endoplasms
  2 giant cockroaches
  7 goblins (D:2)
  6 hobgoblins
  6 jackals (D:2)
  5 kobolds
  4 quokkas
  A ball python (D:1)
  5 bats
  3 frilled lizards
  5 rats
55 creatures vanquished.

Table legend:
 A = Non-vault XP
 B = Vault XP
 C = Vault XP percentage of total XP
 D = Non-vault monster count
 E = Vault monster count
 F = Vault count percentage of total count
                 A         B        C        D         E       F
            +---------+---------+-------+---------+---------+-------
      Total |      85 |      59 |  41.0 |      42 |      13 |  23.6
            +---------+---------+-------+---------+---------+-------
        D:1 |      23 |       6 |  20.7 |      15 |       3 |  16.7
        D:2 |      31 |      53 |  63.1 |      17 |      10 |  37.0
        D:3 |      31 |       0 |   0.0 |      10 |       0 |   0.0
            +---------+---------+-------+---------+---------+-------

Illustrated notes

Table legend:
 A = Kills in this place as a percentage of kills in entire the game.
 B = Kills by you in this place as a percentage of kills by you in the entire game.
 C = Kills by friends in this place as a percentage of kills by friends in the entire game.
 D = Other kills in this place as a percentage of other kills in the entire game.
 E = Experience gained in this place as a percentage of experience gained in the entire game.
 F = Experience gained in this place divided by the number of levels of this place that you have seen.
                   A       B       C       D       E      F
               +-------+-------+-------+-------+-------+----------------------
         Total | 100.0 | 100.0 |   N/A |   N/A | 100.0 |  48.0
       Dungeon | 100.0 | 100.0 |   N/A |   N/A | 100.0 |  48.0
               +-------+-------+-------+-------+-------+----------------------

Table legend: (Time is in decaauts)
 A = Elapsed time spent in this place.
 B = Non-inter-level travel time spent in this place.
 C = Inter-level travel time spent in this place.
 D = Time resting spent in this place.
 E = Time spent auto-exploring this place.
 F = Levels seen in this place.
 G = Mean time per level.
                   A        B        C        D        E       F      G
               +--------+--------+--------+--------+--------+-----+--------+
         Total |   3139 |   3047 |     92 |    708 |   1915 |   3 | 1046.3 |
       Dungeon |   3139 |   3047 |     92 |    708 |   1915 |   3 | 1046.3 |
               +--------+--------+--------+--------+--------+-----+--------+

Top non-repeatable levels by time:
     D:2: 1560 daAuts
     D:1: 1145 daAuts
     D:3: 432 daAuts
